 Dungeon Crawl Stone Soup version 0.30-a0-176-gdd20fb75b6 (webtiles) character file.

Game seed: 5716456277603828449

341 Aibolit the Grave Robber (level 6, -2/32 (41) HPs)
             Began as a Human Necromancer on Oct 2, 2022.
             Slain by a necrophage (5 damage)
             ... on level 4 of the Dungeon.
             The game lasted 00:12:26 (4927 turns).

Aibolit the Grave Robber (Human Necromancer)        Turns: 4927, Time: 00:12:27

HP:   -2/32 (41)    AC:  5    Str:  8    XL:     6   Next: 87%
MP:   7/11          EV: 13    Int: 17    God:
Gold: 1242          SH:  0    Dex: 14    Spells: 8/12 levels left

rFire   . . .      SeeInvis .    r - staff of death
rCold   . . .      Faith    .    (no shield)
rNeg    + . .      Spirit   .    a - +0 robe
rPois   .          Reflect  .    m - +0 helmet
rElec   .          Harm     .    (no cloak)
rCorr   +          Rampage  .    u - +0 pair of gloves
Will    .....                    k - +0 pair of boots
Stlth   ++........               (no amulet)
HPRegen 0.25/turn                p - ring of resist corrosion
MPRegen 0.12/turn                (no ring)

@: heavily drained
A: no striking features
a: no special abilities


You were on level 4 of the Dungeon.
You visited 1 branch of the dungeon, and saw 5 of its levels.

You collected 1242 gold pieces.

Inventory:

Armour
 a - a +0 robe (worn)
 k - a +0 pair of boots (worn)
 m - a +0 helmet (worn)
 u - a +0 pair of gloves (worn)
Magical Staves
 r - a staff of death (weapon)
Jewellery
 p - a ring of resist corrosion (left hand)
Scrolls
 d - 2 scrolls of poison
 f - a scroll of enchant weapon {unknown}
 i - a scroll of butterflies
 l - 2 scrolls of magic mapping {unknown}
 n - 2 scrolls of noise {unknown}
 o - 2 scrolls of fear {unknown}
 s - a scroll of enchant armour {unknown}
 x - a scroll of identify
 y - 2 scrolls of immolation {unknown}
Potions
 b - a potion of magic
 e - a potion of attraction {unknown}
 g - a potion of heal wounds {unknown}
 h - 2 potions of brilliance {unknown}
 j - 3 potions of mutation {unknown}
 q - 2 potions of might
 t - a potion of flight {unknown}
 v - a potion of haste {unknown}


   Skills:
 + Level 3.3 Dodging
 + Level 3.6 Stealth
 * Level 3.8 Spellcasting
 * Level 5.4 Necromancy


You had 8 spell levels left.
You knew the following spells:

 Your Spells              Type           Power      Damage    Failure   Level
a - Necrotise             Necr           100%       1d9       1%          1
b - Vampiric Draining     Necr           32%        2d8       5%          3

Your spell library contained the following spells:

 Spells                   Type           Power      Damage    Failure   Level
 Animate Dead             Necr           32%        N/A       17%         4
 Agony                    Necr           32%        N/A       43%         5


Dungeon Overview and Level Annotations

Branches:
Dungeon (5/15)
 Temple: D:4-7

Altars:
Elyvilon
Fedhas
Qazlal
Xom

Annotations:
D:3 2 transporters, anet's ghost, amateur GnDe


Message History

The necrophage is severely damaged.
The necrophage hits you but does no damage.
You hit the necrophage.
The necrophage is almost destroyed.
The necrophage hits you but does no damage.
The necrophage hits you.
* * * LOW HITPOINT WARNING * * *
You hit the necrophage but do no damage.
The necrophage is almost destroyed.
The necrophage misses you.
You hit the necrophage but do no damage.
The necrophage is severely damaged.
The necrophage closely misses you.
You barely miss the necrophage.
The necrophage is severely damaged.
The necrophage hits you.
* * * LOW HITPOINT WARNING * * *
You barely miss the necrophage.
The necrophage is severely damaged.
The necrophage barely misses you.
You closely miss the necrophage.
The necrophage is severely damaged.
The necrophage hits you.
* * * LOW HITPOINT WARNING * * *
The necrophage misses you.
The necrophage attacks as you move away!
The necrophage hits you.
* * * LOW HITPOINT WARNING * * *
The necrophage attacks as you move away!
The necrophage hits you.
* * * LOW HITPOINT WARNING * * *
The necrophage attacks as you move away!
The necrophage completely misses you.
The necrophage attacks as you move away!
The necrophage barely misses you.
The necrophage attacks as you move away!
The necrophage hits you but does no damage.
The necrophage attacks as you move away!
The necrophage hits you.
You die...

# ###..~≈≈~.~≈≈≈~.#..#####.
#########....≈≈≈~.~~≈≈~.#..#
#.
.......##.##.~~~~..)....#..#
#.
.###......##.......~~~~.#..#
#. .#
##...#..#.~~~~~.~≈≈~.#..# #.
.# ###......~≈≈≈~.~~≈~....#
#. .## ###....~≈≈≈~.~≈≈≈..).#
#. ..#
###.#..~~~~~.~~≈~.#..#####.
..#
#.........@n.............>.
..#
###.###...######.............
..# #.....###..#
######.#####.. ..# #.....#
##.### #.# #[# ..# #.....#
#...## #.# #.# #.# #.....#
###..#######.# #[# #.#
#.....# ##.#.......# #.# #.#
#.....# #...####### #.# #.#
#.....# ###..# ###### #.#


You could see a necrophage.

Vanquished Creatures
  A scorpion (D:4)
  A jelly (D:4)
  A hound (D:4)
  An iguana (D:4)
  An orc wizard (D:4)
  3 adders
  6 gnolls
  A worm (D:2)
  5 orcs
  5 ball pythons
  7 endoplasms
  5 giant cockroaches
  7 goblins
  8 hobgoblins
  3 quokkas
  7 bats
  9 frilled lizards
  6 kobolds
  9 rats
86 creatures vanquished.

Vanquished Creatures (collateral kills)
  A goblin (D:2)
  A frilled lizard (D:2)
2 creatures vanquished.

Grand Total: 88 creatures vanquished

Notes
Turn   | Place    | Note
-------+----------+-------------------------------------------
     0 | D:1      | Aibolit the Human Necromancer began the quest for the Orb.
     0 | D:1      | Reached XP level 1. HP: 13/13 MP: 3/3
   241 | D:1      | Reached XP level 2. HP: 19/19 MP: 1/5
   652 | D:1      | Reached XP level 3. HP: 24/24 MP: 0/6
   975 | D:1      | Found a faded altar of an unknown god.
  1343 | D:1      | Learned a level 3 spell: Vampiric Draining
  1490 | D:2      | Reached XP level 4. HP: 30/30 MP: 1/7
  2038 | D:2      | You fall into a shaft and drop 1 floor!
  2147 | D:2      | Reached XP level 5. HP: 35/35 MP: 6/9
  2621 | D:2      | Identified 2 scrolls of acquirement
  2621 | D:2      | Acquired a staff of death
  2639 | D:2      | Acquired 1026 gold pieces
  2724 | D:3      | Found a white marble altar of Elyvilon.
  2922 | D:3      | Identified the +8 dagger "Nuasewof" {freeze, *Rage *Noise
                  | rF+ rN++}
  3264 | D:3      | Found a blossoming altar of Fedhas.
  3391 | D:3      | Noticed an ogre
  3391 | D:3      | Noticed anet's ghost (amateur GnDe)
  3393 | D:3      | Found a transporter.
  3393 | D:3      | Identified the +6 giant spiked club of Cheibriados {spect,
                  | rPois rC+ Will+}
  3393 | D:3      | Noticed an ogre
  3402 | D:3      | Found a transporter.
  3751 | D:4      | Reached skill level 5 in Necromancy
  3848 | D:4      | Reached XP level 6. HP: 41/41 MP: 2/10
  4296 | D:4      | Found a stormy altar of Qazlal.
  4299 | D:4      | Found a shimmering altar of Xom.
  4860 | D:5      | Entered Level 5 of the Dungeon
  4916 | D:4      | HP: 1/32 [necrophage (1)]
  4927 | D:4      | Slain by a necrophage

Illustrated notes

Levels and vault maps discovered:
D:1:      giann_bridges, layout_loops_ring, basic_ecumenical_altar,
          amcnicky_mini_corridor_feature, nrook_mini_backslash,
          minmay_strange_pillars
D:2:      layout_loops_ring, kennysheep_cross_room
D:3:      layout_basic, lemuel_doored_altar, mainiacjoe_overflow_cross_hatched,
          gammafunk_ghost_smash, nicolae_concentric_dashed_squares_wild
D:4:      layout_basic, nicolae_overflow_hidden_temple,
          nicolae_overflow_squiral, minivault_14
D:5:      layout_basic, temple_doors_cd, serial_shops, shop

Skill      XL: |  1  2  3  4  5 |
---------------+----------------+-----
Spellcasting   | 3 |  3.8
Stealth        | 3 |  3.6
Dodging        | 3 |  3.3
Necromancy     | 5 |  5.4

Action                   |  1- 3 |  4- 6 || total
-------------------------+-------+-------++-------
Melee: Unarmed           |     2 |       ||     2
       Dagger            |    10 |     1 ||    11
       Punch             |     1 |     1 ||     2
       Staff             |       |    37 ||    37
Throw: Throwing net      |       |     1 ||     1
 Cast: Necrotise         |    71 |   113 ||   184
       Vampiric Draining |       |     3 ||     3
  Use: Scroll            |     1 |     5 ||     6
       Potion            |       |     4 ||     4
 Stab: Distracted        |       |     1 ||     1
Armor: Robe              |     8 |    20 ||    28
Dodge: Dodged            |    24 |    34 ||    58

Table legend: (Time is in decaauts)
 A = Elapsed time spent in this place.
 B = Non-inter-level travel time spent in this place.
 C = Inter-level travel time spent in this place.
 D = Time resting spent in this place.
 E = Time spent auto-exploring this place.
 F = Levels seen in this place.
 G = Mean time per level.
                   A        B        C        D        E       F      G
               +--------+--------+--------+--------+--------+-----+--------+
         Total |   4934 |   4516 |    418 |     91 |   3811 |   5 |  986.8 |
       Dungeon |   4934 |   4516 |    418 |     91 |   3811 |   5 |  986.8 |
               +--------+--------+--------+--------+--------+-----+--------+

Top non-repeatable levels by time:
     D:1: 1347 daAuts
     D:2: 1298 daAuts
     D:4: 1212 daAuts
     D:3: 1043 daAuts
     D:5: 33 daAuts
